AoeStats
← ivcrk826

MegaRandom

506414110Analyzed
2v2 RM · 18d ago on Sep 13, 2026· 37m 27s· 4 players
Game mode
Random Map
Map size
Medium (4 player)
Population
200
Speed
Normal
Resources
Standard
Victory
Conquest
Starting age
Dark Age
Ending age
Imperial Age
RankedLock teamsTeams togetherTeam positionsShared explorationLock speedFull tech treeHidden civsTurbo modeCheats
Victory
Defeat
🇦🇷 Georgians · Argentina
1436
+16
🇹🇷 Poles · Türkiye
1340
+20
🇨🇭 Turks · Switzerland
1449
-19
🇨🇭 Burmese · Switzerland
1404
-17
ivcrk826
1:11 Loom
9:26 Feudal Age
11:50 Double-Bit Axe
16:21 Scale Barding Armor
20:34 Castle Age
19:21 Gold Mining
20:09 Forging
20:36 Light Cavalry
21:28 Bloodlines
24:48 Chain Barding Armor
26:41 Iron Casting
27:48 Husbandry
30:43 Wheelbarrow
30:27 Pikeman
31:13 Scale Mail Armor
33:51 Imperial Age
34:04 Chain Mail Armor
34:23 Squires
33:52 Halberdier
33:56 Cavalier
35:17 Hand Cart
36:07 Plate Barding Armor
36:21 Conscription
37:16 Aznauri Cavalry
RealDeal77
9:14 Loom
11:00 Feudal Age
11:51 Double-Bit Axe
11:46 Horse Collar
14:22 Wheelbarrow
15:54 Castle Age
13:41 Town Watch
14:54 Gold Mining
15:26 Stone Mining
16:06 Scale Barding Armor
16:27 Fletching
17:38 Bloodlines
17:29 Husbandry
17:42 Bow Saw
17:33 Heavy Plow
18:27 Bodkin Arrow
17:54 Crossbowman
19:18 Padded Archer Armor
19:29 Forging
21:50 Husbandry
23:26 Chain Barding Armor
23:41 Hand Cart
24:25 Treadmill Crane
25:41 Szlachta Privileges
31:07 Imperial Age
29:38 Ballistics
29:48 Leather Archer Armor
29:44 Forging
30:00 Thumb Ring
31:01 Iron Casting
30:52 Guard Tower
31:10 Arbalester
31:55 Bracer
33:27 Chemistry
35:00 Cavalier
36:42 Blast Furnace
36:59 Keep
[PSCH] wolverito
1:35 Loom
9:56 Feudal Age
19:10 Castle Age
17:23 Fishing Lines
18:36 Wheelbarrow
17:48 Horse Collar
19:15 Scale Mail Armor
20:46 Heavy Plow
20:52 Padded Archer Armor
24:36 Imperial Age
22:48 Bloodlines
22:55 Fletching
24:48 Elite Arambai
26:35 Fletching
26:47 Husbandry
27:15 Elite Arambai
28:28 Light Cavalry
29:40 Scale Barding Armor
30:34 Hussar
33:14 Elite Skirmisher
34:29 Chain Barding Armor
36:03 Plate Barding Armor
[PSCH] R!ce
1:46 Loom
9:36 Feudal Age
18:57 Castle Age
17:12 Fletching
18:22 Bloodlines
20:11 Double-Bit Axe
21:16 Scale Barding Armor
21:45 Husbandry
22:56 Chain Barding Armor
28:38 Wheelbarrow
30:04 Horse Collar
30:56 Bow Saw
31:40 Forging
38:07 Imperial Age
37:31 Iron Casting
Connection lost

Rejoining the realm…

Still unreachable

The connection could not be restored.

Session expired

The server has moved on; the page needs a fresh start.